 Dungeon Crawl Stone Soup version 0.31-a0-175-g9f7f995f2b (webtiles) character file.

Game seed: 10642757208642979771

30475 qw the Cleaver (level 13, -5/84 HPs)
             Began as a Gargoyle Fighter on June 16, 2023.
             Was an Elder of Okawaru.
             Slain by a profane servitor
             ... wielding a +1 whip
              (16 damage)
             ... on level 1 of the Abyss.
             The game lasted 00:07:57 (15983 turns).

qw the Cleaver (Gargoyle Fighter)                  Turns: 15983, Time: 00:07:57

Health: -5/84      AC: 30    Str: 25    XL:     13   Next: 51%
Magic:  20/20      EV: 11    Int:  9    God:    Okawaru [****..]
Gold:   263        SH: 11    Dex:  9    Spells: 12/12 levels left

rFire   + . .        Y - +1 broad axe (venom)
rCold   + . .        c - +0 buckler
rNeg    + . .        g - +0 chain mail
rPois   inf          i - +2 hat
rElec   +            (no cloak)
rCorr   .            f - +2 pair of gloves
SInv    .            j - +1 pair of boots
Will    .....        n - amulet of reflection Stlth
                     b - ring of protection from fire
HPRegen 0.34/turn    o - ring of protection from cold
MPRegen 0.17/turn

%: reflection
@: heroic, wreathed by umbra
A: sickness immunity, AC +9, negative energy resistance 1, electricity
resistance, torment resistance 1, petrification resistance
a: Renounce Religion, Heroism, Finesse


You were on level 1 of the Abyss.
You worshipped Okawaru.
Okawaru was greatly pleased with you.
You visited 3 branches of the dungeon, and saw 15 of its levels.
You visited the Abyss 1 time.

You collected 882 gold pieces.
You spent 619 gold pieces at shops.


Innate Abilities, Weirdness & Mutations

You are immune to sickness and miasma.
Your stone body is resilient. (AC +9)
You are immune to poison.
You resist negative energy. (rN+)
You are resistant to electric shocks. (rElec)
You are resistant to unholy torment.
You are immune to petrification.


   Skills:
 - Level 11.0(16.0) Fighting
 + Level 14.5(19.5) Axes
 - Level 3.2(8.2) Throwing
 - Level 8.0(13.0) Armour
 - Level 2.3(7.3) Dodging
 - Level 7.0(12.0) Shields
 - Level 10.1 Invocations


You had 12 spell levels left.
You didn't know any spells.
Your spell library was empty.

Inventory:

Hand Weapons
 w - a +0 morningstar
 Y - a +1 broad axe of venom (weapon)
Missiles
 p - 3 boomerangs (quivered)
Armour
 c - a +0 buckler (worn)
 f - a +2 pair of gloves (worn)
 g - a +0 chain mail (worn)
 i - a +2 hat (worn)
 j - a +1 pair of boots (worn)
 v - a +2 ring mail of cold resistance
Jewellery
 b - a ring of protection from fire (left hand)
 l - an amulet of faith
 m - a ring of ice
 n - an amulet of reflection (around neck)
 o - a ring of protection from cold (right hand)
Wands
 q - a wand of digging (5)
Scrolls
 r - 2 scrolls of identify
Potions
 a - a potion of cancellation
 d - 7 potions of might
 e - 3 potions of attraction
 h - 2 potions of resistance
 k - a potion of lignification
 u - 4 potions of curing
 z - 3 potions of mutation

Dungeon Overview and Level Annotations

Branches:
Dungeon (11/15)            Temple (1/1) D:6            Lair (3/5) D:11
  Swamp (0/4) Lair:2        Snake (0/4) Lair:2          Orc (0/2) D:11

Altars:
Ashenzari
Cheibriados
Dithmenos
Elyvilon
Fedhas
Gozag
Hepliaklqana
Kikubaaqudgha
Makhleb
Nemelex Xobeh
Okawaru
Qazlal
Ru
Sif Muna
Trog
Uskayaw
Vehumet
Wu Jian
Xom
Yredelemnul
Zin
The Shining One

Shops:
D:3 *   D:4 (   D:10 *   D:11 (![[!

Portals:
Trove: D:10 (give 6 scrolls of fear)

Annotations:
D:3 exclusions: dart slug, goblin and kobold
Lair:3 Sonja


Message History

The hellion gestures at you.
The sphere of damnation explodes!
The damnation engulfs you!!
The damnation engulfs the hellion.
The hellion completely resists.
You slash the hellion!
The hellion is almost dead.
The hellion gestures at you.
The sphere of damnation explodes!
The damnation engulfs you!
The damnation engulfs the hellion.
The hellion completely resists.
You hit the hellion but do no damage.
The hellion is almost dead.
The hellion hits you but does no damage.
You slice the hellion!!
You kill the hellion!
Okawaru accepts your kill.
You start resting.
A naga warrior skeleton comes into view.
15975 ||| Stepping ~*~*~tactically~*~*~ (stealth).
A lurking horror comes into view.
You throw a boomerang.
The boomerang misses the lurking horror.
A profane servitor comes into view. It is wielding a +1 whip.
You chop the lurking horror into pieces!!!
Your body is wracked with pain!
You throw a boomerang.
The boomerang barely misses the profane servitor.
You barely miss the profane servitor.
The profane servitor hits you with a +1 whip. x2
You barely miss the profane servitor.
You block the profane servitor's attack.
The profane servitor hits you with a +1 whip!
You closely miss the profane servitor.
You block the profane servitor's attack.
The profane servitor hits you with a +1 whip.
You hit the profane servitor but do no damage.
The profane servitor barely misses you.
You block the profane servitor's attack.
You hit the profane servitor.
The profane servitor is lightly damaged.
The profane servitor hits you with a +1 whip!
You die...

# . ...
# .. ..
... ....
# #¤ .
.....
.... ¤.
. ##..
.. .. .
. ...##.
. .
..#... .
# #. . .
. #...
#. # .
.#.##..
. .
#.#.##.#
.. .. ..
#.
#.#..@#
. .. . .
.
.#...A#
# .##. .
. .
#.##Z.#
. # ...
.# . ..#
..#.. X
. . .#..
###..##
.. . #
.. . ..#
.... . .
. . ...
.......
.. . . .
# ..#. .
. .


You could see a profane servitor and a naga warrior skeleton.

Vanquished Creatures
  Harold (D:9)
  Erolcha (D:9)
  A hydra (Lair:3)
  3 two-headed ogres
  4 death yaks (Lair:2)
  A skyshark (Lair:2)
  A skeletal warrior (D:10)
  2 bog bodies (Lair:2)
  2 cyclopes
  2 black mambas (Lair:2)
  4 elephants (Lair:1)
  Joseph (D:8)
  3 torpor snails (Lair:2)
  2 cane toads
  A hellion (Abyss:1)
  A rime drake (Lair:3)
  3 komodo dragons
  2 ice devils (Lair:1)
  A guardian mummy (D:10)
  3 polar bears (Lair:2)
  A hornet (D:8)
  5 blink frogs (Lair:3)
  4 shadows (D:11)
  A large abomination (Abyss:1)
  4 wraiths (D:10)
  38 yaks
  Grum (D:8)
  3 wyverns
  2 steam dragons (D:10)
  A basilisk (Lair:1)
  3 nagas (Lair:2)
  11 water moccasins
  3 acid dragons
  A black bear (D:11)
  An ice beast (D:8)
  3 orc warriors
  2 sky beasts (D:7)
  2 wolves (D:8)
  2 ogres (D:6)
  6 centaurs
  A phantom (D:4)
  A kobold brigand (D:11)
  9 bullfrogs
  2 gnoll sergeants
  3 scorpions
  14 wights
  2 electric eels
  4 howler monkeys
  2 hounds (D:6)
  4 jellies
  7 orc priests
  3 sleepcaps
  Natasha (thrice) (D:2)
  6 iguanas
  13 orc wizards
  Robin (D:3)
  9 gnolls
  10 adders
  2 shadow imps
  A white imp (D:7)
  2 ufetubi (D:5)
  A worm (D:2)
  3 dart slugs
  33 orcs
  4 ball pythons
  9 endoplasms
  2 giant cockroaches
  16 goblins
  7 hobgoblins
  19 kobolds
  5 quokkas
  5 bats
  4 frilled lizards
  4 rats (D:1)
  A lurking horror (Abyss:1)
345 creatures vanquished.

Notes
Turn   | Place    | Note
-------+----------+-------------------------------------------
     0 | D:1      | qw the Gargoyle Fighter began the quest for the Orb.
     0 | D:1      | Reached XP level 1. HP: 14/14 MP: 1/1
     0 | D:1      | 0 ||| qw: Version: 0.2-a-29-g511e9b1
     0 | D:1      | 0 ||| qw: Game counter: 5848
     0 | D:1      | 0 ||| qw: Always use a shield: true
     0 | D:1      | 0 ||| qw: God list: Okawaru
     0 | D:1      | 0 ||| qw: Allow faded altars: false
     0 | D:1      | 0 ||| qw: Do Orc after D:15 true
     0 | D:1      | 0 ||| qw: Do second Lair branch before Depths: true
     0 | D:1      | 0 ||| qw: Lair rune preference: random
     0 | D:1      | 0 ||| qw: Plans: Normal, Zot:1-4, Slime:5, God:TSO, Crypt,
                  | Tomb, Abyss, Pan, Hells, Win
     0 | D:1      | 0 ||| PLANNING D:1-11
    39 | D:1      | Reached skill level 2 in Axes
   235 | D:1      | Reached XP level 2. HP: 15/19 MP: 2/2
   428 | D:1      | Reached skill level 3 in Axes
   500 | D:1      | 500 ||| DROPPING +0 club.
   619 | D:1      | 619 ||| Stepping ~*~*~tactically~*~*~ (stealth).
   621 | D:1      | Reached XP level 3. HP: 23/23 MP: 3/3
   644 | D:1      | 644 ||| Stepping ~*~*~tactically~*~*~ (hiding).
   645 | D:1      | 645 ||| Stepping ~*~*~tactically~*~*~ (hiding).
   951 | D:1      | 951 ||| UPGRADING to +0 chain mail.
   961 | D:1      | 961 ||| DROPPING +0 scale mail.
   962 | D:1      | 962 ||| UPGRADING to +2 hat.
   967 | D:1      | 967 ||| READING scroll labelled YHUCUREOCEU.
   968 | D:1      | 968 ||| READING scroll labelled ZIUFUX FADGHE.
  1023 | D:2      | 1023 ||| Stepping ~*~*~tactically~*~*~ (hiding).
  1215 | D:2      | Noticed Natasha
  1240 | D:2      | Killed Natasha
  1241 | D:2      | Reached XP level 4. HP: 16/28 MP: 4/4
  1247 | D:2      | Noticed Natasha
  1251 | D:2      | Killed Natasha
  1252 | D:2      | Reached skill level 4 in Axes
  1303 | D:2      | Noticed Natasha
  1304 | D:2      | 1304 ||| Stepping ~*~*~tactically~*~*~ (stealth).
  1308 | D:2      | 1308 ||| Stepping ~*~*~tactically~*~*~ (hiding).
  1318 | D:2      | Killed Natasha
  1319 | D:2      | Reached XP level 5. HP: 27/32 MP: 5/5
  1427 | D:2      | 1427 ||| READING scroll of enchant weapon.
  1427 | D:2      | 1427 ||| ENCHANTING +1 war axe.
  1976 | D:2      | 1976 ||| DROPPING scarf of invisibility.
  1977 | D:2      | 1977 ||| UPGRADING to ring of protection from fire.
  1978 | D:2      | 1978 ||| READING scroll labelled MARURUI HAJOA.
  1979 | D:2      | 1979 ||| READING scroll labelled GEHUACW GIGOSHRUEF.
  1982 | D:2      | 1982 ||| READING scroll labelled URCHOMN YV JAO.
  2046 | D:3      | Reached skill level 5 in Axes
  2083 | D:3      | 2083 ||| DROPPING +0 mace.
  2154 | D:3      | 2154 ||| Stepping ~*~*~tactically~*~*~ (stealth).
  2204 | D:3      | 2204 ||| Stepping ~*~*~tactically~*~*~ (stealth).
  2218 | D:3      | Found Gikheela's General Store.
  2225 | D:3      | 2225 ||| Stepping ~*~*~tactically~*~*~ (stealth).
  2239 | D:3      | Noticed Robin
  2244 | D:3      | 2244 ||| READING scroll labelled ESIT NINOW.
  2273 | D:3      | 2273 ||| Stepping ~*~*~tactically~*~*~ (stealth).
  2286 | D:3      | Killed Robin
  2296 | D:3      | 2296 ||| Stepping ~*~*~tactically~*~*~ (stealth).
  2522 | D:3      | 2522 ||| Stepping ~*~*~tactically~*~*~ (stealth).
  2524 | D:3      | 2524 ||| UPGRADING to +0 pair of gloves.
  2530 | D:3      | 2530 ||| DRINKING 2 glowing pink potions.
  2531 | D:3      | Found a stormy altar of Qazlal.
  2872 | D:4      | 2872 ||| Stepping ~*~*~tactically~*~*~ (stealth).
  2873 | D:4      | 2873 ||| Stepping ~*~*~tactically~*~*~ (stealth).
  2874 | D:4      | 2874 ||| Stepping ~*~*~tactically~*~*~ (stealth).
  2976 | D:4      | Reached XP level 6. HP: 38/38 MP: 6/6
  3122 | D:4      | Found Labraigi's Antique Weapon Emporium.
  3130 | D:4      | 3130 ||| SHOPLISTING glowing morningstar (189 gold, have
                  | 88).
  3163 | D:4      | 3163 ||| Stepping ~*~*~tactically~*~*~ (hiding).
  3175 | D:4      | 3175 ||| Stepping ~*~*~tactically~*~*~ (stealth).
  3369 | D:4      | 3369 ||| UPGRADING to amulet of reflection.
  3385 | D:5      | Entered Level 5 of the Dungeon
  3448 | D:5      | Reached skill level 6 in Axes
  3587 | D:5      | Reached skill level 1 in Dodging
  3601 | D:5      | Reached XP level 7. HP: 43/43 MP: 7/7
  3617 | D:5      | Found a blossoming altar of Fedhas.
  3623 | D:5      | Found a radiant altar of Vehumet.
  3782 | D:5      | 3782 ||| Stepping ~*~*~tactically~*~*~ (hiding).
  4298 | D:5      | 4298 ||| UPGRADING to +0 pair of boots.
  4303 | D:5      | 4303 ||| READING 2 scrolls of identify.
  4303 | D:5      | 4303 ||| IDENTIFYING bubbling yellow potion
  4436 | D:6      | Reached skill level 7 in Axes
  4461 | D:6      | 4461 ||| Stepping ~*~*~tactically~*~*~ (hiding).
  4463 | D:6      | 4463 ||| Stepping ~*~*~tactically~*~*~ (hiding).
  4464 | D:6      | 4464 ||| Stepping ~*~*~tactically~*~*~ (hiding).
  4465 | D:6      | 4465 ||| Stepping ~*~*~tactically~*~*~ (hiding).
  4570 | D:6      | 4570 ||| Stepping ~*~*~tactically~*~*~ (stealth).
  4608 | D:6      | Found a staircase to the Ecumenical Temple.
  4609 | D:6      | 4609 ||| PLANNING TEMPLE
  4614 | D:6      | 4614 ||| READING scroll labelled CENEIJ POSEI.
  4615 | D:6      | 4615 ||| READING scroll labelled WUNYKO SIPUORA.
  4654 | Temple   | Entered the Ecumenical Temple
  4655 | Temple   | 4655 ||| PLANNING OKAWARU WORSHIP
  4833 | Temple   | Became a worshipper of Warmaster Okawaru
  4834 | Temple   | 4834 ||| PLANNING D:1-11
  4863 | D:6      | Reached XP level 8. HP: 48/49 MP: 8/8
  4903 | D:6      | 4903 ||| Stepping ~*~*~tactically~*~*~ (stealth).
  4905 | D:6      | 4905 ||| Stepping ~*~*~tactically~*~*~ (hiding).
  5126 | D:6      | Identified the +2 leather armour "Enlyej Vuen" {MP-9 Str+8
                  | Dex+2}
  5253 | D:6      | Reached skill level 8 in Axes
  5543 | D:7      | Reached * piety under Okawaru
  5766 | D:7      | Reached skill level 1 in Invocations
  5803 | D:7      | Reached skill level 6 in Fighting
  6037 | D:7      | 6037 ||| INVOKING Heroism.
  6040 | D:7      | Reached skill level 3 in Invocations
  6108 | D:7      | 6108 ||| DROPPING +0 flail.
  6117 | D:7      | Reached XP level 9. HP: 55/55 MP: 11/11
  6177 | D:7      | Found a flagged portal.
  6295 | D:7      | Noticed a two-headed ogre
  6296 | D:7      | 6296 ||| INVOKING Heroism.
  6306 | D:7      | Killed a two-headed ogre
  6307 | D:7      | Reached skill level 9 in Axes
  6425 | D:7      | Found a broken altar of Ashenzari.
  6506 | D:7      | 6506 ||| INVOKING Heroism.
  7011 | D:7      | 7011 ||| READING scroll labelled NAAKKA EMIEPN.
  7012 | D:7      | 7012 ||| READING scroll labelled HEAMNA LEKHE.
  7013 | D:7      | 7013 ||| READING 2 scrolls of identify.
  7013 | D:7      | 7013 ||| IDENTIFYING dark potion
  7014 | D:7      | 7014 ||| DROPPING potion of degeneration.
  7023 | D:8      | 7023 ||| INVOKING Heroism.
  7164 | D:8      | Noticed Grum
  7165 | D:8      | 7165 ||| INVOKING Heroism.
  7188 | D:8      | Killed Grum
  7287 | D:8      | Noticed a hornet
  7303 | D:8      | Killed a hornet
  7303 | D:8      | Reached ** piety under Okawaru
  7341 | D:8      | Noticed a cyclops
  7342 | D:8      | 7342 ||| Stepping ~*~*~tactically~*~*~ (hiding).
  7345 | D:8      | 7345 ||| Stepping ~*~*~tactically~*~*~ (hiding).
  7349 | D:8      | 7349 ||| INVOKING Heroism.
  7363 | D:8      | Killed a cyclops
  7364 | D:8      | Reached skill level 10 in Axes
  7364 | D:8      | Reached XP level 10. HP: 34/63 MP: 12/14
  7488 | D:8      | 7488 ||| Stepping ~*~*~tactically~*~*~ (hiding).
  7491 | D:8      | 7491 ||| Stepping ~*~*~tactically~*~*~ (hiding).
  7631 | D:8      | Noticed Joseph
  7650 | D:8      | Killed Joseph
  7973 | D:8      | 7973 ||| UPGRADING to ring of protection from cold.
  8016 | D:9      | 8016 ||| Stepping ~*~*~tactically~*~*~ (stealth).
  8114 | D:9      | Noticed Erolcha
  8116 | D:9      | 8116 ||| INVOKING Heroism.
  8126 | D:9      | Killed Erolcha
  8238 | D:9      | Noticed Harold
  8239 | D:9      | 8239 ||| Stepping ~*~*~tactically~*~*~ (hiding).
  8242 | D:9      | 8242 ||| Stepping ~*~*~tactically~*~*~ (hiding).
  8243 | D:9      | 8243 ||| Stepping ~*~*~tactically~*~*~ (hiding).
  8244 | D:9      | 8244 ||| INVOKING Heroism.
  8263 | D:9      | Killed Harold
  8264 | D:9      | Reached skill level 11 in Axes
  8273 | D:9      | 8273 ||| FLEEEEING.
  8274 | D:9      | 8274 ||| FLEEEEING.
  8275 | D:9      | 8275 ||| FLEEEEING.
  8276 | D:9      | 8276 ||| FLEEEEING.
  8283 | D:9      | 8283 ||| FLEEEEING.
  8284 | D:9      | 8284 ||| FLEEEEING.
  8285 | D:9      | 8285 ||| FLEEEEING.
  8286 | D:9      | 8286 ||| FLEEEEING.
  8292 | D:9      | 8292 ||| FLEEEEING.
  8299 | D:9      | 8299 ||| FLEEEEING.
  8300 | D:9      | 8300 ||| FLEEEEING.
  8301 | D:9      | 8301 ||| STAIRDANCE
  8434 | D:9      | Reached *** piety under Okawaru
  8438 | D:9      | 8438 ||| INVOKING Heroism.
  8440 | D:9      | HP: 11/64 [yak (9)]
  8441 | D:9      | 8441 ||| READING 4 scrolls of teleportation.
  8442 | D:9      | 8442 ||| DRINKING potion of heal wounds.
  8617 | D:9      | Reached skill level 6 in Armour
  8998 | D:9      | 8998 ||| Stepping ~*~*~tactically~*~*~ (stealth).
  9001 | D:9      | 9001 ||| Stepping ~*~*~tactically~*~*~ (stealth).
  9016 | D:9      | Reached XP level 11. HP: 58/69 MP: 15/15
  9340 | D:9      | 9340 ||| Stepping ~*~*~tactically~*~*~ (hiding).
  9341 | D:9      | 9341 ||| Stepping ~*~*~tactically~*~*~ (hiding).
  9351 | D:9      | Reached skill level 9 in Fighting
  9457 | D:9      | 9457 ||| READING scroll labelled QITHRA ONOUCK.
  9458 | D:9      | 9458 ||| DRINKING 2 puce potions.
  9459 | D:9      | 9459 ||| DROPPING potion of enlightenment.
  9505 | D:10     | Entered Level 10 of the Dungeon
  9654 | D:10     | Noticed a two-headed ogre
  9655 | D:10     | 9655 ||| INVOKING Heroism.
  9666 | D:10     | Killed a two-headed ogre
  9772 | D:10     | 9772 ||| Stepping ~*~*~tactically~*~*~ (hiding).
  9774 | D:10     | 9774 ||| INVOKING Heroism.
  9797 | D:10     | 9797 ||| Stepping ~*~*~tactically~*~*~ (hiding).
  9805 | D:10     | 9805 ||| INVOKING Heroism.
  9811 | D:10     | Reached skill level 12 in Axes
  9965 | D:10     | Found the +5 scythe "Finisher" {speed, execute}
  9966 | D:10     | Noticed a skeletal warrior
  9967 | D:10     | 9967 ||| INVOKING Heroism.
  9978 | D:10     | Killed a skeletal warrior
  9979 | D:10     | Reached skill level 6 in Shields
 10082 | D:10     | Found Butokh's General Store.
 10090 | D:10     | 10090 ||| BUYING +0 broad axe (64 gold).
 10090 | D:10     | Bought a +0 broad axe for 64 gold pieces
 10090 | D:10     | 10090 ||| BUYING potion of mutation (128 gold).
 10090 | D:10     | Bought a potion of mutation for 128 gold pieces
 10090 | D:10     | 10090 ||| BUYING scroll of enchant armour (120 gold).
 10090 | D:10     | Bought a scroll of enchant armour for 120 gold pieces
 10090 | D:10     | 10090 ||| BUYING scroll of identify (32 gold).
 10090 | D:10     | Bought a scroll of identify for 32 gold pieces
 10090 | D:10     | 10090 ||| UPGRADING to +0 broad axe.
 10091 | D:10     | 10091 ||| DROPPING +2 war axe of protection.
 10092 | D:10     | 10092 ||| READING scroll of enchant armour.
 10092 | D:10     | 10092 ||| ENCHANTING +0 pair of gloves.
 10202 | D:10     | Found a portal to a secret trove of treasure.
 10203 | D:10     | 10203 ||| INVOKING Heroism.
 10379 | D:10     | 10379 ||| READING scroll of enchant armour.
 10379 | D:10     | 10379 ||| ENCHANTING +1 pair of gloves.
 10454 | D:10     | 10454 ||| Stepping ~*~*~tactically~*~*~ (hiding).
 10455 | D:10     | Noticed a two-headed ogre
 10456 | D:10     | 10456 ||| INVOKING Heroism.
 10465 | D:10     | Killed a two-headed ogre
 10471 | D:10     | 10471 ||| INVOKING Heroism.
 10605 | D:10     | 10605 ||| Stepping ~*~*~tactically~*~*~ (stealth).
 10773 | D:10     | 10773 ||| READING scroll labelled COFEIR GYM NON.
 10774 | D:10     | 10774 ||| READING 3 scrolls of identify.
 10774 | D:10     | 10774 ||| IDENTIFYING sapphire potion
 10775 | D:10     | 10775 ||| READING 2 scrolls of identify.
 10775 | D:10     | 10775 ||| IDENTIFYING fuming inky potion
 10803 | D:11     | 10803 ||| PLANNING GAUNTLET
 10821 | D:11     | 10821 ||| Stepping ~*~*~tactically~*~*~ (hiding).
 10881 | D:11     | Found Icvefob's Weapon Boutique.
 10944 | D:11     | Found Yloritai's Distillery.
 10949 | D:11     | 10949 ||| BUYING potion of curing (33 gold).
 10949 | D:11     | Bought a potion of curing for 33 gold pieces
 10949 | D:11     | 10949 ||| BUYING potion of might (44 gold).
 10949 | D:11     | Bought a potion of might for 44 gold pieces
 10949 | D:11     | 10949 ||| BUYING potion of might (44 gold).
 10949 | D:11     | Bought a potion of might for 44 gold pieces
 10949 | D:11     | 10949 ||| BUYING potion of mutation (88 gold).
 10949 | D:11     | Bought a potion of mutation for 88 gold pieces
 10978 | D:11     | Found Tits's Antique Armour Shoppe.
 10983 | D:11     | 10983 ||| SHOPLISTING glowing ring mail (245 gold, have
                  | 44).
 11007 | D:11     | 11007 ||| Stepping ~*~*~tactically~*~*~ (stealth).
 11018 | D:11     | Reached **** piety under Okawaru
 11021 | D:11     | 11021 ||| INVOKING Heroism.
 11124 | D:11     | 11124 ||| Stepping ~*~*~tactically~*~*~ (hiding).
 11310 | D:11     | 11310 ||| RIP GAUNTLET
 11316 | D:11     | 11316 ||| PLANNING D:1-11
 11316 | D:11     | 11316 ||| Stepping ~*~*~tactically~*~*~ (stealth).
 11318 | D:11     | 11318 ||| Stepping ~*~*~tactically~*~*~ (stealth).
 11329 | D:11     | 11329 ||| INVOKING Heroism.
 11372 | D:11     | Found a staircase to the Lair.
 11373 | D:11     | 11373 ||| INVOKING Heroism.
 11376 | D:11     | Noticed a cyclops
 11379 | D:11     | 11379 ||| Stepping ~*~*~tactically~*~*~ (hiding).
 11382 | D:11     | 11382 ||| Stepping ~*~*~tactically~*~*~ (hiding).
 11391 | D:11     | Killed a cyclops
 11392 | D:11     | Reached skill level 6 in Invocations
 11408 | D:11     | Found a staircase to the Orcish Mines.
 11410 | D:11     | 11410 ||| Stepping ~*~*~tactically~*~*~ (hiding).
 11411 | D:11     | 11411 ||| Stepping ~*~*~tactically~*~*~ (stealth).
 11451 | D:11     | Found Qetiuv's Armour Shoppe.
 11460 | D:11     | 11460 ||| SHOPLISTING +1 buckler of the Endless Expanse
                  | {rN+ Regen+} (289 gold, have 75).
 11548 | D:11     | 11548 ||| Stepping ~*~*~tactically~*~*~ (hiding).
 11551 | D:11     | 11551 ||| Stepping ~*~*~tactically~*~*~ (hiding).
 11552 | D:11     | 11552 ||| Stepping ~*~*~tactically~*~*~ (hiding).
 11673 | D:11     | 11673 ||| Stepping ~*~*~tactically~*~*~ (stealth).
 11675 | D:11     | 11675 ||| Stepping ~*~*~tactically~*~*~ (hiding).
 11684 | D:11     | 11684 ||| INVOKING Heroism.
 11770 | D:11     | Found a shadowy altar of Dithmenos.
 11878 | D:11     | Found Defetsee's Distillery.
 11881 | D:11     | 11881 ||| BUYING potion of attraction (33 gold).
 11881 | D:11     | Bought a potion of attraction for 33 gold pieces
 11881 | D:11     | 11881 ||| BUYING potion of attraction (33 gold).
 11881 | D:11     | Bought a potion of attraction for 33 gold pieces
 11881 | D:11     | 11881 ||| SHOPLISTING potion of curing (33 gold, have 31).
 11881 | D:11     | 11881 ||| SHOPLISTING potion of haste (110 gold, have 31).
 11881 | D:11     | 11881 ||| SHOPLISTING potion of heal wounds (55 gold, have
                  | 31).
 11881 | D:11     | 11881 ||| SHOPLISTING potion of magic (88 gold, have 31).
 11997 | D:11     | 11997 ||| INVOKING Heroism.
 12143 | D:11     | 12143 ||| PLANNING LAIR
 12143 | D:11     | 12143 ||| READING scroll labelled KUN KUDEHOLA.
 12144 | D:11     | 12144 ||| READING 2 scrolls of identify.
 12144 | D:11     | 12144 ||| IDENTIFYING orange potion
 12145 | D:11     | 12145 ||| DROPPING potion of brilliance.
 12194 | Lair:1   | Entered Level 1 of the Lair of Beasts
 12200 | Lair:1   | Reached skill level 1 in Throwing
 12200 | Lair:1   | Reached XP level 12. HP: 77/77 MP: 17/17
 12307 | Lair:1   | 12307 ||| INVOKING Heroism.
 12555 | Lair:1   | 12555 ||| INVOKING Heroism.
 12640 | Lair:1   | 12640 ||| Stepping ~*~*~tactically~*~*~ (stealth).
 12667 | Lair:1   | 12667 ||| INVOKING Heroism.
 12674 | Lair:1   | HP: 19/77 [elephant (9)]
 12675 | Lair:1   | 12675 ||| READING 3 scrolls of teleportation.
 12676 | Lair:1   | 12676 ||| DRINKING potion of heal wounds.
 12678 | Lair:1   | Reached skill level 13 in Axes
 13036 | Lair:1   | 13036 ||| INVOKING Heroism.
 13311 | Lair:1   | 13311 ||| UPGRADING to +1 pair of boots.
 13321 | Lair:1   | 13321 ||| DROPPING +0 pair of boots.
 13322 | Lair:1   | 13322 ||| DRINKING 2 red potions.
 13323 | Lair:1   | 13323 ||| DROPPING potion of invisibility.
 13350 | Lair:2   | 13350 ||| INVOKING Heroism.
 13378 | Lair:2   | HP: 17/77 [yak (4)]
 13379 | Lair:2   | 13379 ||| READING 2 scrolls of teleportation.
 13588 | Lair:2   | 13588 ||| INVOKING Heroism.
 13646 | Lair:2   | 13646 ||| INVOKING Heroism.
 13809 | Lair:2   | 13809 ||| INVOKING Heroism.
 13826 | Lair:2   | Reached skill level 9 in Invocations
 13861 | Lair:2   | 13861 ||| Stepping ~*~*~tactically~*~*~ (stealth).
 13872 | Lair:2   | Noticed a skyshark
 13892 | Lair:2   | 13892 ||| INVOKING Heroism.
 13896 | Lair:2   | Killed a skyshark
 13932 | Lair:2   | 13932 ||| Stepping ~*~*~tactically~*~*~ (stealth).
 13990 | Lair:2   | Found a staircase to the Swamp.
 13998 | Lair:2   | 13998 ||| INVOKING Heroism.
 14001 | Lair:2   | Reached skill level 3 in Throwing
 14100 | Lair:2   | Noticed a death yak
 14101 | Lair:2   | 14101 ||| INVOKING Heroism.
 14105 | Lair:2   | Noticed a death yak
 14108 | Lair:2   | Noticed a death yak
 14110 | Lair:2   | Noticed a death yak
 14116 | Lair:2   | Killed a death yak
 14123 | Lair:2   | Killed a death yak
 14124 | Lair:2   | Reached XP level 13. HP: 57/82 MP: 20/20
 14134 | Lair:2   | Reached ***** piety under Okawaru
 14135 | Lair:2   | 14135 ||| INVOKING Finesse.
 14135 | Lair:2   | HP: 12/82 [death yak (19)]
 14136 | Lair:2   | 14136 ||| READING scroll of teleportation.
 14136 | Lair:2   | HP: 5/82 [death yak (8)]
 14137 | Lair:2   | 14137 ||| DRINKING potion of heal wounds.
 14315 | Lair:2   | 14315 ||| READING scroll of enchant weapon.
 14315 | Lair:2   | 14315 ||| ENCHANTING +0 broad axe.
 14356 | Lair:2   | 14356 ||| INVOKING Heroism.
 14358 | Lair:2   | 14358 ||| Stepping ~*~*~tactically~*~*~ (stealth).
 14364 | Lair:2   | Reached skill level 14 in Axes
 14589 | Lair:2   | 14589 ||| FLEEEEING.
 14591 | Lair:2   | 14591 ||| FLEEEEING.
 14592 | Lair:2   | 14592 ||| FLEEEEING.
 14593 | Lair:2   | 14593 ||| FLEEEEING.
 14594 | Lair:2   | 14594 ||| FLEEEEING.
 14595 | Lair:2   | 14595 ||| FLEEEEING.
 14596 | Lair:2   | 14596 ||| FLEEEEING.
 14597 | Lair:2   | 14597 ||| FLEEEEING.
 14598 | Lair:2   | 14598 ||| FLEEEEING.
 14599 | Lair:2   | 14599 ||| FLEEEEING.
 14600 | Lair:2   | 14600 ||| FLEEEEING.
 14601 | Lair:2   | 14601 ||| FLEEEEING.
 14602 | Lair:2   | 14602 ||| FLEEEEING.
 14603 | Lair:2   | 14603 ||| FLEEEEING.
 14604 | Lair:2   | 14604 ||| FLEEEEING.
 14605 | Lair:2   | 14605 ||| INVOKING Heroism.
 14656 | Lair:2   | Found a snail-covered altar of Cheibriados.
 14658 | Lair:2   | 14658 ||| INVOKING Heroism.
 14774 | Lair:2   | 14774 ||| Stepping ~*~*~tactically~*~*~ (hiding).
 14776 | Lair:2   | 14776 ||| Stepping ~*~*~tactically~*~*~ (hiding).
 14785 | Lair:2   | Found a staircase to the Snake Pit.
 14992 | Lair:2   | 14992 ||| READING 3 scrolls of brand weapon.
 14992 | Lair:2   | 14992 ||| BRANDING +1 broad axe.
 14993 | Lair:2   | 14993 ||| READING 2 scrolls of brand weapon.
 14993 | Lair:2   | 14993 ||| BRANDING +1 heavy broad axe.
 14994 | Lair:2   | 14994 ||| READING scroll of brand weapon.
 14994 | Lair:2   | 14994 ||| BRANDING +1 broad axe of freezing.
 15253 | Lair:3   | 15253 ||| INVOKING Heroism.
 15254 | Lair:3   | 15254 ||| SWAPPING to +0 morningstar.
 15340 | Lair:3   | 15340 ||| UPGRADING to +1 broad axe of venom.
 15605 | Lair:3   | 15605 ||| INVOKING Heroism.
 15717 | Lair:3   | 15717 ||| Stepping ~*~*~tactically~*~*~ (stealth).
 15718 | Lair:3   | 15718 ||| Stepping ~*~*~tactically~*~*~ (stealth).
 15719 | Lair:3   | 15719 ||| Stepping ~*~*~tactically~*~*~ (stealth).
 15720 | Lair:3   | 15720 ||| Stepping ~*~*~tactically~*~*~ (stealth).
 15721 | Lair:3   | 15721 ||| Stepping ~*~*~tactically~*~*~ (stealth).
 15722 | Lair:3   | 15722 ||| Stepping ~*~*~tactically~*~*~ (stealth).
 15723 | Lair:3   | 15723 ||| Stepping ~*~*~tactically~*~*~ (stealth).
 15724 | Lair:3   | 15724 ||| Stepping ~*~*~tactically~*~*~ (stealth).
 15725 | Lair:3   | 15725 ||| Stepping ~*~*~tactically~*~*~ (stealth).
 15849 | Lair:3   | Noticed Sonja
 15850 | Abyss:1  | Cast into level 1 of the Abyss (Sonja)
 15927 | Abyss:1  | 15927 ||| INVOKING Heroism.
 15963 | Abyss:1  | 15963 ||| INVOKING Heroism.
 15975 | Abyss:1  | 15975 ||| Stepping ~*~*~tactically~*~*~ (stealth).
 15976 | Abyss:1  | Noticed a profane servitor
 15979 | Abyss:1  | HP: 18/84 [profane servitor/+1 whip (4)]
 15983 | Abyss:1  | Slain by a profane servitor

Levels and vault maps discovered:
D:1:      tarquinn_simple_flora_water_c, layout_loops_corners,
          kennysheep_nondescript, hangedman_decor_clover_reticule
D:2:      layout_basic, uniq_natasha
D:3:      layout_loops_cross, mainiacjoe_overflow_concentric_impassable,
          serial_shops, nicolae_shop_competitors_out_of_business, uniq_robin
D:4:      layout_cave_pools, serial_shops, shop, minivault_19
D:5:      layout_basic, grunt_temple_overflow_open
D:6:      layout_loops_corners, minmay_temple_entry_statues_pillars,
          grunt_decor_mini_mirrors
D:7:      layout_basic, lemuel_doored_altar, enter_bailey_7
D:8:      layout_loops_ring, uniq_joseph, uniq_grum
D:9:      layout_layer_cave, uniq_harold, uniq_erolcha
D:10:     cheibrodos_steamvent, layout_stronghold,
          nicolae_trove_entry_path_of_doom, serial_shops, shop,
          hangedman_decor_slide_cut, kennysheep_crisscross,
          minmay_guarded_unrand_finisher
D:11:     layout_stronghold, grunt_lair_entry_orc_guard_hut,
          minmay_orc_entry_temple_small, serial_shops, nicolae_square_shop,
          shop_fountains, shop_fountains, nicolae_shop_hallway_plus,
          nicolae_shop_behind_doors, gauntlet_entry_generic,
          nrook_pool_corridor, grunt_dithmenos_shadows
Temple:   regret_index_temple_mists
Lair:1:   layout_small_grid, portal_ice_cave_demonic_guard, lemuel_fruit_fields
Lair:2:   layout_chaotic_city, skrybe_swamp_entry_bodies,
          nicolae_snake_entry_squirm, kennysheep_snail_temple,
          grunt_megastairs_4, serial_bayou_shore_a, infiniplex_staircase_pool
Lair:3:   hellmonk_destroyed_diamonds, layout_loops_ring, serial_bayou_lake_a,
          uniq_snorg, uniq_sonja
Abyss:1:  base:
D:12

Skill      XL: |  1  2  3  4  5  6  7  8  9 10 11 12 13 |
---------------+----------------------------------------+-----
Axes           | 2 3 4 5 6 7 8 10 11 12 13 14 | 14.5
Fighting       | 4 5 6 7 8 10 11 | 11.0
Dodging        | 1 2 |  2.3
Armour         | 4 5 6 7 8 |  8.0
Invocations    | 3 5 6 10 | 10.1
Shields        | 4 5 6 7 |  7.0
Throwing       | 1 3 |  3.2

Action                     |  1- 3 |  4- 6 |  7- 9 | 10-12 | 13-15 || total
---------------------------+-------+-------+-------+-------+-------++-------
  Melee: War axe           |    86 |   150 |   277 |   242 |       ||   755
         Broad axe         |       |       |       |   401 |   163 ||   564
         Morningstar       |       |       |       |       |     4 ||     4
  Throw: Boomerang         |       |       |       |    34 |    43 ||    77
 Invoke: Heroism           |       |       |     6 |    26 |     7 ||    39
         Finesse           |       |       |       |       |     1 ||     1
    Use: Scroll            |     2 |     5 |     6 |    11 |     5 ||    29
         Potion            |       |     1 |       |     4 |     1 ||     6
   Stab: Invisible         |       |       |       |     4 |       ||     4
 Armour: Scale mail        |    17 |       |       |       |       ||    17
         Chain mail        |    27 |   106 |   142 |   329 |    67 ||   671
  Dodge: Dodged            |    20 |    48 |    65 |   202 |    36 ||   371
  Block: Buckler           |    11 |    35 |   101 |   271 |    52 ||   470
         Reflection        |       |       |     9 |     4 |       ||    13

Table legend:
 A = Non-vault XP
 B = Vault XP
 C = Vault XP percentage of total XP
 D = Non-vault monster count
 E = Vault monster count
 F = Vault count percentage of total count
                 A         B        C        D         E       F
            +---------+---------+-------+---------+---------+-------
      Total |   33470 |   10067 |  23.1 |     289 |      55 |  16.0
            +---------+---------+-------+---------+---------+-------
        D:1 |      41 |       0 |   0.0 |      25 |       0 |   0.0
        D:2 |     113 |      36 |  24.2 |      11 |       1 |   8.3
        D:3 |      78 |      38 |  32.8 |      23 |      12 |  34.3
        D:4 |     171 |       0 |   0.0 |       9 |       0 |   0.0
        D:5 |     331 |       0 |   0.0 |      15 |       0 |   0.0
        D:6 |     785 |       0 |   0.0 |      20 |       0 |   0.0
        D:7 |    1912 |       8 |   0.4 |      18 |       4 |  18.2
        D:8 |    1608 |     875 |  35.2 |      27 |       4 |  12.9
        D:9 |    2113 |    1759 |  45.4 |      20 |       2 |   9.1
       D:10 |    2354 |    2075 |  46.9 |      11 |       7 |  38.9
       D:11 |    2906 |     975 |  25.1 |      32 |      13 |  28.9
     Lair:1 |    4955 |     670 |  11.9 |      20 |       2 |   9.1
     Lair:2 |   10932 |    3631 |  24.9 |      37 |      10 |  21.3
     Lair:3 |    4564 |       0 |   0.0 |      19 |       0 |   0.0
    Abyss:1 |     607 |       0 |   0.0 |       2 |       0 |   0.0
            +---------+---------+-------+---------+---------+-------
